 Dungeon Crawl Stone Soup version 0.29-a0-322-g68df515 (webtiles) character file.

Game seed: 7192595801755832866

23 Toastz the Insei (level 2, 0/19 HPs)
             Began as an Octopode Transmuter on Apr 5, 2022.
             Slain by Terence
             ... wielding a +0 mace
              (7 damage)
             ... on level 2 of the Dungeon.
             The game lasted 00:01:49 (882 turns).

Toastz the Insei (Octopode Transmuter)               Turns: 882, Time: 00:01:49

Health: 0/19       AC:  1    Str:  9    XL:     2   Next: 95%
Magic:  4/5        EV: 13    Int: 15    God:
Gold:   82         SH:  0    Dex: 12    Spells: 2/5 levels left

rFire   . . .      SeeInvis .     - Unarmed
rCold   . . .      Faith    .   (no shield)
rNeg    . . .      Spirit   .   (helmet currently unavailable)
rPois   .          Reflect  .   (no amulet)
rElec   .          Harm     .   (no ring)
rCorr   .          Rampage  .   (no ring)
Will    .....                   (no ring)
Stlth   ++........              (no ring)
HPRegen 0.06/turn               (no ring)
MPRegen 0.09/turn               (no ring)
                                (no ring)
                                (no ring)

@: appendages
A: tentacle spike 3, almost no armour, amphibious, 8 rings, camouflage 1,
gelatinous body 1, (nimble swimmer 1), tentacles
a: End Transformation


You were on level 2 of the Dungeon.
One of your tentacles had grown a beastly spike.
You visited 1 branch of the dungeon, and saw 2 of its levels.

You collected 82 gold pieces.

Inventory:

Missiles
 c - 5 poisoned darts (quivered)
 d - 97 stones
Scrolls
 b - a scroll of noise {unknown}
 e - 2 scrolls of identify {unknown}
 g - a scroll of enchant weapon {unknown}
Potions
 a - a potion of lignification
 f - a potion of heal wounds {unknown}
 h - a potion of flight {unknown}


   Skills:
 + Level 1.7 Fighting
 - Level 2.0 Dodging
 * Level 3.7 Unarmed Combat
 - Level 2.0 Spellcasting
 - Level 2.0 Transmutations


You had 2 spell levels left.
You knew the following spells:

 Your Spells              Type           Power      Damage    Failure   Level
a - Beastly Appendage     Tmut           14%        N/A       10%         1
b - Wereblood             Tmut           7%         N/A       14%         2

Your spell library contained the following spells:

 Spells                   Type           Power      Damage    Failure   Level
 Spider Form              Tmut/Pois      4%         N/A       41%         3
 Ice Form                 Ice/Tmut       4%         N/A       82%         4


Dungeon Overview and Level Annotations

Branches:
Dungeon (2/15)

Altars:

Annotations:
D:2 Terence


Innate Abilities, Weirdness & Mutations

One of your tentacles has grown a beastly spike.
You cannot wear most types of armour.
You are amphibious.
You can wear up to eight rings at the same time.
Your skin changes colour to match your surroundings (Stealth+).
Your rubbery body absorbs attacks. (AC +1, EV +1)
((You are camouflaged when in or above water. (Stealth+)))
You have tentacles for arms and can constrict up to eight enemies at once.


Message History

There is a stone staircase leading down here.
You climb downwards.
There is a stone staircase leading up here.
There is a stone staircase leading up here.
A frilled lizard comes into view.
Casting: Beastly Appendage (safe; 10% risk of failure)
Confirm with . or Enter, or press ? or * to list all spells.
One of your tentacles grows a vicious spike.
The frilled lizard hisses angrily.
A hobgoblin comes into view.
Your transformation is almost over.
The frilled lizard completely misses you.
You closely miss the frilled lizard. You grab the frilled lizard.
You constrict the frilled lizard. You tentacle-slap the frilled lizard.
You kill the frilled lizard!
Terence the Incautious comes into view.
He is wielding a +0 mace.
The hobgoblin hits you.
You tentacle-slap the hobgoblin but do no damage.
Your grab misses the hobgoblin. You squeeze the hobgoblin.
You kill the hobgoblin!
You tentacle-slap Terence. You grab Terence.
You pierce Terence, but do no damage.
Terence is lightly wounded.
You constrict Terence. Terence hits you with a +0 mace.
You tentacle-slap Terence but do no damage.
Terence is moderately wounded.
Your tentacle spike disappears.
You constrict Terence, but do no damage.
Terence closely misses you.
You tentacle-slap Terence but do no damage.
You squeeze Terence.
Terence is heavily wounded.
You constrict Terence. Terence hits you with a +0 mace.
Casting: Beastly Appendage (safe; 10% risk of failure)
Confirm with . or Enter, or press ? or * to list all spells.
One of your tentacles grows a vicious spike.
You constrict Terence, but do no damage.
Terence hits you with a +0 mace!
You die...

#..# #..##
###..#.
#.....#
#.....# ###
####.....#
...
......†@.#
#.#
#...@.###.#
####......# .
#......#.#
#........#
##.....#.#
#######.....#
.
#.<.......###
#.#####.###
#.# #.#


You could see Terence.

Vanquished Creatures
  2 ball pythons (D:1)
  A bat (D:1)
  3 endoplasms (D:1)
  A goblin (D:1)
  2 hobgoblins
  3 jackals (D:1)
  A kobold (D:1)
  5 frilled lizards
  3 rats (D:1)
21 creatures vanquished.

Notes
Turn   | Place    | Note
-------+----------+-------------------------------------------
     0 | D:1      | Toastz the Octopode Transmuter began the quest for the Orb.
     0 | D:1      | Reached XP level 1. HP: 13/13 MP: 3/3
    32 | D:1      | Reached XP level 2. HP: 14/18 MP: 3/5
    35 | D:1      | Learned a level 2 spell: Wereblood
   579 | D:1      | Found a faded altar of an unknown god.
   875 | D:2      | Noticed Terence
   882 | D:2      | Slain by Terence

Illustrated notes

Levels and vault maps discovered:
D:1:      psy_arrival_statuary, layout_basic,
          shapermc_ecumenical_altar_acropolis
D:2:      layout_loops_ring, uniq_terence

Action                   || total
-------------------------++-------
Melee: Unarmed           ||    36
       Tentacles         ||     8
       Constrict         ||     9
       Kick              ||     5
       Punch             ||     1
Throw: Dart              ||     7
 Cast: Beastly Appendage ||    12
 Stab: Sleeping          ||     2
Armor: Skin              ||     3
Dodge: Dodged            ||    15

Table legend: (Time is in decaauts)
 A = Elapsed time spent in this place.
 B = Non-inter-level travel time spent in this place.
 C = Inter-level travel time spent in this place.
 D = Time resting spent in this place.
 E = Time spent auto-exploring this place.
 F = Levels seen in this place.
 G = Mean time per level.
                   A        B        C        D        E       F      G
               +--------+--------+--------+--------+--------+-----+--------+
         Total |    879 |    876 |      3 |      0 |    744 |   2 |  439.5 |
       Dungeon |    879 |    876 |      3 |      0 |    744 |   2 |  439.5 |
               +--------+--------+--------+--------+--------+-----+--------+

Top non-repeatable levels by time:
     D:1: 859 daAuts
     D:2: 19 daAuts
